 Seeded DCSS version 0.29-a0-1027-gcd8c55af63 (webtiles) character file.

Game seed: 20220813 (custom seed)

51 purpskrrrp the Ruffian (level 3, -1/36 HPs)
             Began as a Troll Fighter on Aug 12, 2022.
             Slain by a gnoll
             ... wielding a +0 spear
              (4 damage)
             ... on level 2 of the Dungeon.
             The game lasted 00:02:08 (1288 turns).

purpskrrrp the Ruffian (Troll Fighter)              Turns: 1288, Time: 00:02:08

Health: -1/36      AC:  4    Str: 26    XL:     3   Next: 58%
Magic:  2/2        EV:  8    Int:  4    God:
Gold:   117        SH:  7    Dex:  9    Spells: 2/2 levels left

rFire   . . .      SeeInvis .     - Unarmed
rCold   . . .      Faith    .   b - +0 kite shield
rNeg    . . .      Spirit   .   a - +0 robe
rPois   .          Reflect  .   (helmet restricted)
rElec   .          Harm     .   (no cloak)
rCorr   .          Rampage  .   (gloves unavailable)
Will    .....                   (boots unavailable)
Stlth   +.........              (no amulet)
HPRegen 0.92/turn               (no ring)
MPRegen 0.08/turn               (no ring)

@: mighty
A: large, unfitting armour, claws 3, regeneration 1, shaggy fur 1, tough skin 1
a: no special abilities


You were on level 2 of the Dungeon.
You visited 1 branch of the dungeon, and saw 2 of its levels.

You collected 117 gold pieces.

Inventory:

Armour
 a - a +0 robe (worn)
 b - a +0 kite shield (worn)
Jewellery
 n - an amulet of reflection
 o - a +6 ring of intelligence
Wands
 k - a wand of polymorph (4)
Scrolls
 d - a scroll of identify {unknown}
 f - a scroll of noise {unknown}
 g - a scroll of blinking {unknown}
 h - 2 scrolls of teleportation {unknown}
 j - a scroll of brand weapon {unknown}
 l - a scroll of fear {unknown}
 m - a scroll of immolation {unknown}
 r - 2 scrolls of vulnerability {unknown}
Potions
 c - a potion of might
 e - a potion of flight {unknown}
 i - a potion of degeneration {unknown}
 p - 2 potions of curing {unknown}
 q - a potion of heal wounds {unknown}
 s - a potion of cancellation {unknown}


   Skills:
 + Level 2.8 Fighting
 + Level 2.8 Dodging
 - Level 2.8 Shields
 * Level 3.0 Unarmed Combat


You had 2 spell levels left.
You didn't know any spells.
Your spell library contained the following spells:

 Spells                   Type           Power      Damage    Failure   Level
 Magic Dart               Conj           0%         1d3       80%         1
 Call Imp                 Summ           0%         N/A       91%         2
 Mephitic Cloud           Conj/Pois/Air  0%         N/A       99%         3
 Alistair's Intoxication  Tmut/Pois      0%         N/A       100%        5
 Borgnjor's Vile Clutch   Necr/Erth      0%         N/A       100%        5
 Eringya's Noxious Bog    Tmut/Pois      0%         N/A       100%        6


Dungeon Overview and Level Annotations

Branches:
Dungeon (2/15)

Altars:


Innate Abilities, Weirdness & Mutations

You are too large for most types of armour.
You have claws for hands.
Your natural rate of healing is unusually fast.
You are covered in fur. (AC +1)
You have tough skin. (AC +1)


Message History

The gnoll hits you with a +0 spear!
There is an open door here.
You claw the gnoll!
You kill the gnoll!
You scratch the gnoll but do no damage.
The gnoll hits you from afar with a +0 spear.
The gnoll hits you with a +0 whip.
The gnoll hits you from afar with a +3 vampiric spear.
You are too injured to fight recklessly!
You are too injured to fight recklessly!
You are too injured to fight recklessly!
You are too injured to fight recklessly!
You are too injured to fight recklessly!
You are too injured to fight recklessly!
The gnoll attacks as you move away! The gnoll hits you but does no damage.
The gnoll attacks as you move away! The gnoll hits you with a +0 whip!
* * * LOW HITPOINT WARNING * * *
You are too injured to fight recklessly!
You feel very mighty all of a sudden. The gnoll barely misses you.
The gnoll hits you from afar with a +3 vampiric spear!
* * * LOW HITPOINT WARNING * * *
You claw the gnoll!
You kill the gnoll!
The gnoll hits you from afar with a +3 vampiric spear.
* * * LOW HITPOINT WARNING * * *
Your Unarmed Combat skill increases to level 3!
You are too injured to fight recklessly!
You are too injured to fight recklessly!
You are too injured to fight recklessly!
You are too injured to fight recklessly!
You are too injured to fight recklessly!
You are too injured to fight recklessly!
You are too injured to fight recklessly!
You are too injured to fight recklessly!
You are too injured to fight recklessly!
You are too injured to fight recklessly!
The gnoll barely misses you.
The gnoll hits you from afar with a +0 spear.
You die...

#.....######## #.
#.....# #. #.....# #.
#.....# #. #.....#
####### #.
###'####### .......
#. #.# #...# .......
##
#.###...######..?....
#...'...'.@gg'?......
#####...######)......
#...# ....... #...#
....... #...# .......
##### ....... #######


You could see 2 gnolls.

Vanquished Creatures
  2 gnolls (D:2)
  4 ball pythons
  7 endoplasms (D:1)
  2 goblins (D:1)
  2 hobgoblins (D:1)
  3 jackals (D:2)
  3 quokkas
  A bat (D:1)
  2 kobolds
  3 rats
29 creatures vanquished.

Notes
Turn   | Place    | Note
-------+----------+-------------------------------------------
     0 | D:1      | purpskrrrp the Troll Fighter began the quest for the Orb.
     0 | D:1      | Reached XP level 1. HP: 22/22 MP: 0/0
     6 | D:1      | Noticed a polar bear
     6 | D:1      | Noticed a salamander
     7 | D:1      | Noticed a rime drake
    89 | D:1      | Reached XP level 2. HP: 29/29 MP: 1/1
   733 | D:2      | Reached XP level 3. HP: 36/36 MP: 2/2
  1288 | D:2      | Reached skill level 3 in Unarmed Combat
  1288 | D:2      | Slain by a gnoll

Illustrated notes

Levels and vault maps discovered:
D:1:      onia_arrival_zoo_common, layout_basic
D:2:      layout_basic

Skill      XL: |  1  2  3 |
---------------+----------+-----
Unarmed Combat | 3 |  3.0
Fighting       | |  2.8
Dodging        | |  2.8
Shields        | |  2.8

Action                   || total
-------------------------++-------
Melee: Unarmed           ||    62
  Use: Potion            ||     1
 Stab: Sleeping          ||     1
Armor: Robe              ||    17
Dodge: Dodged            ||    18
Block: Kite shield       ||    20

Table legend: (Time is in decaauts)
 A = Elapsed time spent in this place.
 B = Non-inter-level travel time spent in this place.
 C = Inter-level travel time spent in this place.
 D = Time resting spent in this place.
 E = Time spent auto-exploring this place.
 F = Levels seen in this place.
 G = Mean time per level.
                   A        B        C        D        E       F      G
               +--------+--------+--------+--------+--------+-----+--------+
         Total |   1294 |   1232 |     62 |      0 |   1059 |   2 |  647.0 |
       Dungeon |   1294 |   1232 |     62 |      0 |   1059 |   2 |  647.0 |
               +--------+--------+--------+--------+--------+-----+--------+

Top non-repeatable levels by time:
     D:2: 665 daAuts
     D:1: 629 daAuts
